 Dungeon Crawl Stone Soup version 0.25.1-8-g42b30a86e7 (webtiles) character file.

Game seed: 12382940848155827005

5520 hawla the Thaumaturge (level 10, -1/53 HPs)
             Began as a Deep Elf Conjurer on Dec 1, 2020.
             Was an Initiate of Vehumet.
             Succumbed to a killer bee's poison
             ... on level 8 of the Dungeon on Dec 2, 2020.
             The game lasted 00:31:37 (10684 turns).

hawla the Thaumaturge (Deep Elf Conjurer)          Turns: 10684, Time: 00:31:38

Health: -1/53      AC:  7    Str: 11    XL:     10   Next: 43%
Magic:  26/28      EV: 15    Int: 24    God:    Vehumet [......]
Gold:   366        SH:  0    Dex: 15    Spells: 27/34 levels left

rFire    . . .     SeeInvis .   d - +1 whip (drain)
rCold    + . .     Gourm    .   (no shield)
rNeg     . . .     Faith    .   t - +1 robe {rC+}
rPois    .         Spirit   .   (no helmet)
rElec    .         Reflect  .   (no cloak)
rCorr    .         Harm     .   (no gloves)
MR       +....                  (no boots)
Stlth    +++.......             (no amulet)
HPRegen  0.17/turn              b - +6 ring of strength
MPRegen  0.21/turn              s - +4 ring of protection

@: lethally poisoned (-1 -> -26), stab
A: no striking features
a: Renounce Religion


You were on level 8 of the Dungeon.
You worshipped Vehumet.
Vehumet was noncommittal.
You were not hungry.

You visited 1 branch of the dungeon, and saw 8 of its levels.

You collected 366 gold pieces.

Inventory:

Hand Weapons
 d - a +1 whip of draining (weapon)
Missiles
 q - 22 boomerangs (quivered)
 r - 17 poisoned darts
 u - 12 throwing nets
 y - 2 silver boomerangs
Armour
 t - a +1 robe of cold resistance (worn)
 x - a +0 troll leather armour
Magical Staves
 k - an uncursed staff of conjuration {unknown}
 v - an uncursed staff of death
Jewellery
 a - an uncursed ring of protection from cold
 b - a +6 ring of strength (left hand)
 s - a +4 ring of protection (right hand)
 w - an uncursed ring of wizardry
 D - an uncursed ring of flight {unknown}
Wands
 n - a wand of flame (17)
 p - a wand of paralysis (4)
 z - a wand of disintegration (14)
 B - a wand of polymorph (6)
Scrolls
 g - 3 scrolls of magic mapping
 h - 5 scrolls of teleportation
 j - 5 scrolls of identify
 m - 2 scrolls of blinking
 o - 6 scrolls of remove curse
Potions
 e - 2 potions of brilliance
 f - 2 potions of haste
 i - 4 potions of flight
 l - a potion of magic
Comestibles
 c - 12 rations
 C - 4 chunks of flesh


   Skills:
 + Level 1.7 Fighting
 + Level 5.1 Dodging
 + Level 4.2 Stealth
 + Level 12.8 Spellcasting
 + Level 11.0 Conjurations
 + Level 5.7 Translocations
 + Level 0.2 Evocations


You had 27 spell levels left.
You knew the following spells:

 Your Spells              Type           Power        Failure   Level  Hunger
a - Magic Dart            Conj           ####         1%          1    None
b - Searing Ray           Conj           ######       1%          2    None
c - Iskenderun's Mystic   Conj/Tloc      ######..     1%          4    None

Your spell library contained the following spells:

 Spells                   Type           Power        Failure   Level  Hunger
 Dazzling Flash           Conj/Hex       #####.       1%          3    None
 Fulminant Prism          Conj/Hex       #####.....   4%          4    None


Dungeon Overview and Level Annotations

Branches:
Dungeon (8/15)             Temple (0/1) D:5
   Lair: D:8-11

Altars:
Gozag
Kikubaaqudgha
Makhleb
Qazlal
Ru
Trog
Uskayaw
Vehumet
The Shining One

Shops:
D:4 (   D:5 [

Annotations:
D:3 Sigmund
D:7 2 transporters, VictoriousLee's ghost, novice TeFi


Message History

As you read the scroll of teleportation, it crumbles to dust.
You feel strangely unstable. The killer bee stings you!
A killer bee comes into view.
The killer bee barely misses you. The killer bee stings you!
The killer bee stings you.
You are more poisoned.
The killer bee poisons you! The killer bee closely misses you.
The killer bee moves out of view.
You feel sick. The killer bee closely misses you. The killer bee stings you.
You feel sick. The killer bee stings you.
* * * LOW HITPOINT WARNING * * *
You are more poisoned.
The killer bee poisons you! The killer bee stings you!
* * * LOW HITPOINT WARNING * * *
You are more poisoned.
The killer bee poisons you!
It was a potion of stabbing.
You feel ready to backstab.
Your surroundings suddenly seem different.
You die...

### #.# . #.# ..
#.# ... ......
#.###.... ......
#........ ......
...####......c.
......
.......@....#
......
....#..##.#.#
...... . .....
.. ........
....... .#
.......[.....#..
#
.............###
............
...........
...........


You could see a centaur (asleep).

Vanquished Creatures
  Harold (D:7)
  Pikel (D:5)
  Prince Ribbit (D:6)
  2 trolls (D:7)
  Eustachio (D:4)
  Menkaure (D:4)
  A water moccasin (D:4)
  Duvessa (D:7)
  3 ice beasts
  2 necrophages
  A sky beast (D:6)
  2 slaves (D:5)
  4 ogres
  2 centaurs
  2 bullfrogs (D:7)
  4 gnoll sergeants (D:6)
  Dowan (D:7)
  A killer bee (D:8)
  4 scorpions
  An electric eel (D:6)
  3 crimson imps (D:5)
  A quasit (D:6)
  11 hounds
  4 orc priests
  3 orc wizards
  A centaur skeleton (D:5)
  4 gnoll shamans (D:6)
  Ijyb (D:4)
  2 iguanas (D:4)
  3 worker ants
  2 hound skeletons
  A worker ant zombie (D:6)
  9 adders
  31 gnolls
  2 howler monkey skeletons
  2 shadow imps
  An ooze (D:6)
  An adder skeleton (D:7)
  2 worms
  2 dart slugs
  2 leopard geckos
  20 orcs
  6 ball pythons
  8 bats
  7 giant cockroaches
  7 goblins
  7 hobgoblins
  20 jackals
  7 kobolds
  3 quokkas
  3 frilled lizards
  A quokka skeleton (D:6)
  A quokka zombie (D:6)
  7 rats
221 creatures vanquished.

Notes
Turn   | Place    | Note
-------+----------+-------------------------------------------
     0 | D:1      | hawla the Deep Elf Conjurer began the quest for the Orb.
     0 | D:1      | Reached XP level 1. HP: 10/10 MP: 6/6
   300 | D:1      | Reached XP level 2. HP: 15/15 MP: 5/8
   304 | D:1      | Learned a level 2 spell: Searing Ray
   936 | D:1      | Reached skill level 4 in Spellcasting
  1081 | D:2      | Found an ancient bone altar of Kikubaaqudgha.
  1145 | D:2      | Reached XP level 3. HP: 19/19 MP: 7/10
  1150 | D:2      | Reached skill level 5 in Conjurations
  1780 | D:2      | Found an opulent altar of Gozag.
  1795 | D:2      | Reached XP level 4. HP: 24/24 MP: 9/12
  1962 | D:2      | Learned a level 4 spell: Iskenderun's Mystic Blast
  2073 | D:3      | Found a burning altar of Makhleb.
  2104 | D:3      | Reached skill level 5 in Spellcasting
  2104 | D:3      | Reached skill level 1 in Translocations
  2113 | D:3      | Noticed Sigmund
  2430 | D:3      | Reached XP level 5. HP: 28/28 MP: 9/14
  3255 | D:4      | Reached XP level 6. HP: 23/32 MP: 9/16
  3377 | D:4      | Reached skill level 6 in Spellcasting
  3805 | D:4      | Noticed an ice beast
  3816 | D:4      | Killed an ice beast
  3816 | D:4      | Reached XP level 7. HP: 15/36 MP: 10/19
  3817 | D:4      | Reached skill level 7 in Spellcasting
  4312 | D:4      | Noticed Eustachio
  4318 | D:4      | Killed Eustachio
  4452 | D:4      | Reached skill level 5 in Translocations
  4551 | D:4      | Noticed Ijyb
  4554 | D:4      | Reached skill level 8 in Spellcasting
  4554 | D:4      | Reached XP level 8. HP: 26/41 MP: 15/22
  4559 | D:4      | Killed Ijyb
  4664 | D:4      | Found Aseixt's Antique Weapon Emporium.
  4686 | D:4      | Noticed Menkaure
  4697 | D:4      | Killed Menkaure
  4981 | D:5      | Entered Level 5 of the Dungeon
  5088 | D:5      | Found Zomnugh's Antique Armour Emporium.
  5118 | D:5      | Found a sacrificial altar of Ru.
  5250 | D:5      | Reached skill level 9 in Spellcasting
  5507 | D:5      | Noticed Pikel
  5519 | D:5      | Killed Pikel
  5519 | D:5      | Reached skill level 10 in Spellcasting
  5519 | D:5      | Reached XP level 9. HP: 28/45 MP: 12/25
  5694 | D:5      | Found a staircase to the Ecumenical Temple.
  6826 | D:6      | Noticed Prince Ribbit
  7151 | D:6      | Reached skill level 1 in Fighting
  7181 | D:6      | Killed Prince Ribbit
  7181 | D:6      | Reached skill level 11 in Spellcasting
  7303 | D:6      | Found a stormy altar of Qazlal.
  7907 | D:7      | Noticed Dowan
  7911 | D:7      | Noticed Duvessa
  7919 | D:7      | Killed Dowan
  7921 | D:7      | Reached skill level 10 in Conjurations
  7943 | D:7      | Killed Duvessa
  8292 | D:7      | Noticed a moth of wrath
  8295 | D:7      | Noticed VictoriousLee's ghost (novice TeFi)
  8296 | D:7      | Found a bloodstained altar of Trog.
  8299 | D:7      | Noticed a troll
  8308 | D:7      | Killed a troll
  8446 | D:7      | Noticed Harold
  8784 | D:6      | Reached XP level 10. HP: 40/52 MP: 16/27
  9193 | D:6      | Reached skill level 12 in Spellcasting
  9520 | D:7      | Found a radiant altar of Vehumet.
  9534 | D:7      | Became a worshipper of Vehumet
  9555 | D:7      | Killed Harold
  9555 | D:7      | Reached skill level 5 in Dodging
  9840 | D:7      | Found a glowing golden altar of the Shining One.
  9843 | D:7      | Found a sacrificial altar of Ru.
  9846 | D:7      | Found a hide-covered altar of Uskayaw.
  9903 | D:7      | Found a transporter.
  9906 | D:7      | Found a transporter.
 10683 | D:8      | HP: 1/53 [killer bee (8)]
 10684 | D:8      | Succumbed to a killer bee's poison

Illustrated notes

Levels and vault maps discovered:
D:1:      minmay_arrival_diagonal_passages, layout_basic,
          minmay_shallow_snake_nest
D:2:      layout_loops_ring, grunt_gozag_statues, lemuel_round_altar,
          minmay_domino_4
D:3:      layout_basic, lightli_temple_of_fire, uniq_sigmund
D:4:      minmay_skewed_foursquare, layout_gridville, serial_shops,
          shop_fountains, first_ration, uniq_eustachio, uniq_menkaure, uniq_ijyb
D:5:      layout_loops_corners, minmay_temple_entry_crystal_x, serial_shops,
          shop, nicolae_ru_awakened_eye, uniq_pikel
D:6:      layout_cave_pools, lemuel_round_altar, serial_gnoll_camp,
          gnoll_camp_huts_moat, gnoll_camp_mini_house, gnoll_camp_mini_hut,
          gnoll_camp_mini_doghouse, gnoll_camp_medium_02,
          gnoll_camp_mini_sergeant, uniq_prince_ribbit1
D:7:      layout_basic, lemuel_round_altar, grunt_temple_overflow_diamond,
          gammafunk_ghost_wrathful_warriors, uniq_harold, uniq_duvessa
D:8:      cheibrodos_barr_body, layout_basic, david_nohive_1

Skill      XL: |  1  2  3  4  5  6  7  8  9 10 |
---------------+-------------------------------+-----
Spellcasting   | 4 5 6 8 10 11 12 | 12.8
Conjurations   | 5 6 7 9 10 11 | 11.0
Translocations | 1 2 3 5 |  5.7
Stealth        | 3 4 |  4.2
Dodging        | 4 5 |  5.1
Fighting       | 1 |  1.7
Evocations     | |  0.2

Action                   |  1- 3 |  4- 6 |  7- 9 | 10-12 || total
-------------------------+-------+-------+-------+-------++-------
Melee: Whip              |       |       |     8 |       ||     8
 Cast: Magic Dart        |    57 |    47 |   163 |    22 ||   289
       Searing Ray       |    11 |    21 |    77 |    26 ||   135
       Iskenderun's Myst |       |     1 |    10 |     1 ||    12
Evoke: Wand              |       |       |     2 |       ||     2
  Use: Scroll            |     6 |     6 |     1 |     3 ||    16
       Potion            |       |       |     5 |     2 ||     7
  Eat: Chunk             |     3 |     6 |    14 |     7 ||    30
Armor: Robe              |     5 |     1 |    16 |     7 ||    29
       Skin              |       |       |    44 |       ||    44
Dodge: Dodged            |     9 |     4 |    72 |    30 ||   115
